 Dungeon Crawl Stone Soup version 0.31-a0-816-gd61d57ddb1 (webtiles) character file.

Game seed: 245257960915493220

774 Revguard the Trooper (level 7, -4/61 HPs)
             Began as a Ghoul Fighter on Sept 22, 2023.
             Slain by a yak (10 damage)
             ... on level 3 of the Dungeon.
             The game lasted 00:06:21 (2925 turns).

Revguard the Trooper (Ghoul Fighter)                Turns: 2925, Time: 00:06:22

Health: -4/61      AC:  8    Str: 20    XL:     7   Next: 84%
Magic:  7/7        EV: 10    Int:  3    God:
Gold:   91         SH:  9    Dex: 10    Spells: 6/6 levels left

rFire   . . .        a - +0 war axe
rCold   + . .        c - +0 buckler
rNeg    + + +        b - +0 scale mail
rPois   ∞            (no helmet)
rElec   .            (no cloak)
rCorr   .            i - +0 pair of gloves
SInv    .            (no boots)
Will    .....        f - amulet of reflection Stlth
                     (no ring)
HPRegen 0.00/turn    (no ring)
MPRegen 0.10/turn

%: reflection
@: inhibited regen
A: claws 1, cold resistance 1, negative energy resistance 3, inhibited
regeneration, torment resistance 2, devour on kill
a: no special abilities


You were on level 3 of the Dungeon.
You visited 1 branch of the dungeon, and saw 4 of its levels.

You collected 115 gold pieces.
You spent 24 gold pieces at shops.

Inventory:

Hand Weapons
 a - a +0 war axe (weapon)
Armour
 b - a +0 scale mail (worn)
 c - a +0 buckler (worn)
 i - a +0 pair of gloves (worn)
Jewellery
 f - an amulet of reflection (around neck)
 j - an amulet of guardian spirit
Scrolls
 e - 2 scrolls of teleportation
 h - a scroll of torment
 o - a scroll of identify
Potions
 g - a potion of heal wounds
 k - a potion of resistance
 l - 2 potions of lignification
 m - a potion of enlightenment
 n - a potion of mutation
 p - a potion of magic


   Skills:
 * Level 5.2 Fighting
 * Level 3.8 Axes
 + Level 3.5 Armour
 + Level 2.0 Dodging
 * Level 4.4 Shields
 + Level 2.5 Invocations
 + Level 2.0 Evocations


You had 6 spell levels left.
You didn't know any spells.
Your spell library contained the following spells:

 Spells                   Type           Power      Damage    Failure   Level
 Magic Dart               Conj           0%         1d3       91%         1
 Necrotise                Necr           0%         1d4       91%         1
 Call Imp                 Summ           0%         N/A       97%         2
 Mephitic Cloud           Conj/Pois/Air  0%         N/A       99%         3
 Vampiric Draining        Necr           0%         2d6       99%         3
 Agony                    Necr           0%         N/A       100%        5


Dungeon Overview and Level Annotations

Branches:
Dungeon (4/15)
 Temple: D:4-7

Altars:

Shops:
D:2 ?


Innate Abilities, Weirdness & Mutations

You are immune to poison.
You have sharp fingernails.
Your flesh is cold resistant. (rC+)
You are immune to negative energy. (rN+++)
You do not regenerate when monsters are visible.
You are immune to unholy pain and torment.
You thrive by killing the living.


Message History

The yak is heavily wounded.
The yak closely misses you.
You hit the yak.
The yak is heavily wounded.
The yak barely misses you. You block the yak's attack.
You barely miss the yak.
The yak is heavily wounded.
The yak misses you.
You slash the yak!
The yak is almost dead.
You block the yak's attack.
You closely miss the yak.
The yak is almost dead.
The yak gores you but does no damage. The yak gores you!
* * * LOW HITPOINT WARNING * * *
You hit the yak.
You kill the yak!
Your Dodging skill increases to level 2!
Your Evocations skill increases to level 2!
You hit the yak.
The yak is lightly wounded.
The yak gores you but does no damage.
You slash the yak!
The yak is moderately wounded.
The yak gores you.
* * * LOW HITPOINT WARNING * * *
The yak closely misses you.
You hit the yak.
The yak is moderately wounded.
The yak closely misses you.
You hit the yak.
The yak is heavily wounded.
The yak gores you!
* * * LOW HITPOINT WARNING * * *
The yak attacks as it pursues you! You block the yak's attack.
The yak attacks as it pursues you! The yak barely misses you.
You slash the yak!
The yak is severely wounded.
The yak gores you but does no damage. The yak gores you!
You die...

#.......##.. #.###.#.##..
#.###.#.#### #.##..#.#
########.##.##.#
##########......#.##.##.# ##
#.>.....##.####.#.......###.
#.#####.##.####.####.#####..
###.##.......@................
#......##.##Y####.#.#.###.##..
#.#.#####.##.##........##.##..
#.#.#####.##..>...#.#..##.##.<
#.#.......#####.###.#..##.##..
#<######### #.# #.......##..
#.# #.#####..####### #.#
#######.##.....# #
##.#######.....#.##.....#######


You could see a yak.

Vanquished Creatures
  Sigmund (D:3)
  3 yaks (D:3)
  Natasha (twice) (D:3)
  Terence (D:3)
  4 adders
  4 adder skeletons (D:3)
  3 dart slugs
  An orc (D:3)
  2 endoplasms
  4 giant cockroaches
  7 goblins
  7 hobgoblins
  8 ball pythons
  A ball python skeleton (D:3)
  5 bats
  5 frilled lizards
  A giant cockroach simulacrum (D:3)
  5 kobolds
  6 rats
70 creatures vanquished.

Notes
Turn   | Place    | Note
-------+----------+-------------------------------------------
     0 | D:1      | Revguard the Ghoul Fighter began the quest for the Orb.
     0 | D:1      | Reached XP level 1. HP: 19/19 MP: 0/0
   291 | D:1      | Reached XP level 2. HP: 26/26 MP: 1/1
   359 | D:1      | Found a faded altar of an unknown god.
   769 | D:1      | Reached XP level 3. HP: 27/31 MP: 2/2
  1522 | D:2      | Reached skill level 1 in Invocations
  1522 | D:2      | Reached XP level 4. HP: 40/40 MP: 3/3
  1559 | D:2      | Found Ceacur's Magic Scroll Shoppe.
  1567 | D:2      | Bought a scroll of identify for 24 gold pieces
  1939 | D:3      | Noticed Sigmund
  1948 | D:3      | Killed Sigmund
  1949 | D:3      | Reached skill level 4 in Fighting
  1949 | D:3      | Reached skill level 1 in Dodging
  1949 | D:3      | Reached skill level 1 in Evocations
  1949 | D:3      | Reached XP level 5. HP: 47/47 MP: 3/5
  1949 | D:3      | Reached XP level 6. HP: 53/53 MP: 3/6
  1984 | D:3      | Noticed Terence
  1987 | D:3      | Killed Terence
  2100 | D:3      | Noticed Natasha
  2129 | D:3      | Killed Natasha
  2158 | D:3      | Identified the +11 dagger "Etuleb" {pain, *Noise Str+3
                  | SInv}
  2348 | D:3      | Noticed Natasha
  2357 | D:3      | Killed Natasha
  2649 | D:4      | Noticed a yak
  2654 | D:4      | Noticed a yak
  2655 | D:4      | Noticed a yak
  2655 | D:4      | Noticed a yak
  2657 | D:4      | Noticed a yak
  2657 | D:4      | Noticed a yak
  2677 | D:3      | Killed a yak
  2678 | D:3      | Reached XP level 7. HP: 44/60 MP: 7/7
  2744 | D:3      | Killed a yak
  2745 | D:3      | Reached skill level 5 in Fighting
  2917 | D:3      | Killed a yak
  2925 | D:3      | Slain by a yak

Illustrated notes

Levels and vault maps discovered:
D:1:      ncdulo_halloftheorcs, layout_basic,
          shapermc_ecumenical_altar_totnotflames
D:2:      layout_loops_ring, serial_shops, shop, nicolae_hexahallways
D:3:      layout_loops_cross, dilly_guarded_unrand_morg, uniq_terence,
          uniq_sigmund
D:4:      layout_rooms, gammafunk_ghost_smash, nicolae_shop_vocational

Skill      XL: |  1  2  3  4  5  6  7 |
---------------+----------------------+-----
Axes           | 2 3 |  3.8
Shields        | 3 4 |  4.4
Invocations    | 1 2 |  2.5
Fighting       | 4 5 |  5.2
Armour         | 3 |  3.5
Dodging        | 1 2 |  2.0
Evocations     | 1 2 |  2.0

Action                     |  1- 3 |  4- 6 |  7- 9 || total
---------------------------+-------+-------+-------++-------
  Melee: War axe           |    89 |    97 |    25 ||   211
    Use: Scroll            |     3 |     5 |       ||     8
         Potion            |       |     2 |       ||     2
 Armour: Scale mail        |    63 |    66 |    22 ||   151
  Dodge: Dodged            |    50 |    35 |    11 ||    96
  Block: Buckler           |    22 |    61 |     9 ||    92
         Reflection        |     1 |       |       ||     1

Table legend: (Time is in decaauts)
 A = Elapsed time spent in this place.
 B = Non-inter-level travel time spent in this place.
 C = Inter-level travel time spent in this place.
 D = Time resting spent in this place.
 E = Time spent auto-exploring this place.
 F = Levels seen in this place.
 G = Mean time per level.
                   A        B        C        D        E       F      G
               +--------+--------+--------+--------+--------+-----+--------+
         Total |   3017 |   2915 |    102 |    211 |   2082 |   4 |  754.2 |
       Dungeon |   3017 |   2915 |    102 |    211 |   2082 |   4 |  754.2 |
               +--------+--------+--------+--------+--------+-----+--------+

Top non-repeatable levels by time:
     D:3: 1216 daAuts
     D:1: 961 daAuts
     D:2: 809 daAuts
     D:4: 30 daAuts
